 Dungeon Crawl Stone Soup version 0.29-a0-841-g116ddc6ace (webtiles) character file.

Game seed: 13596935582478328528

350 Turgor the Grave Robber (level 6, 0/46 HPs)
             Began as a Demonspawn Necromancer on July 14, 2022.
             Was a Priest of Cheibriados.
             Slain by a black bear (5 damage)
             ... on level 4 of the Dungeon.
             The game lasted 00:34:54 (3631 turns).

Turgor the Grave Robber (Demonspawn Necromancer)    Turns: 3631, Time: 00:34:55

Health: 0/46       AC:  6    Str: 16    XL:     6   Next: 33%
Magic:  0/11       EV: 11    Int: 26    God:    Cheibriados [***...]
Gold:   196        SH:  0    Dex: 22    Spells: 2/11 levels left

rFire   . . .      SeeInvis .   y - staff of earth
rCold   . . .      Faith    .   (no shield)
rNeg    . . .      Spirit   .   r - +0 ring mail
rPois   .          Reflect  .   c - +0 helmet
rElec   .          Harm     .   (no cloak)
rCorr   +          Rampage  .   (no gloves)
Will    .....                   (no boots)
Stlth   ++........              (no amulet)
HPRegen 0.15/turn               i - ring of resist corrosion
MPRegen 0.12/turn               (no ring)

@: very slow
A: powered by death 1, powered by pain 1, demonic touch 2
a: Renounce Religion, Bend Time, Temporal Distortion


You were on level 4 of the Dungeon.
You worshipped Cheibriados.
Cheibriados was most pleased with you.
You visited 1 branch of the dungeon, and saw 4 of its levels.

You collected 196 gold pieces.

Inventory:

Hand Weapons
 e - a +4 dagger
 h - a +0 dagger of electrocution
 l - a +0 trident
Missiles
 f - 54 stones (quivered)
 j - 3 javelins
 n - a throwing net
Armour
 a - a +0 robe
 c - a +0 helmet (worn)
 r - a +0 ring mail (worn)
Magical Staves
 y - a staff of earth (weapon)
Jewellery
 i - a ring of resist corrosion (left hand)
Scrolls
 k - 4 scrolls of identify {unknown}
 p - 2 scrolls of teleportation {unknown}
 s - a scroll of enchant armour {unknown}
 v - a scroll of noise {unknown}
 x - a scroll of enchant weapon {unknown}
Potions
 b - a potion of magic
 d - a potion of flight {unknown}
 g - 3 potions of curing {unknown}
 m - a potion of lignification {unknown}
 o - a potion of degeneration {unknown}
 q - a potion of ambrosia {unknown}
 t - a potion of resistance {unknown}
 u - 2 potions of heal wounds
 w - a potion of cancellation {unknown}
 z - a potion of brilliance {unknown}


   Skills:
 + Level 2.4 Fighting
 + Level 1.0 Armour
 - Level 2.0 Dodging
 - Level 2.0 Stealth
 + Level 3.3 Spellcasting
 * Level 2.9 Conjurations
 - Level 4.3 Necromancy
 * Level 2.5 Earth Magic
 + Level 1.2 Invocations


You had 2 spell levels left.
You knew the following spells:

 Your Spells              Type           Power      Damage    Failure   Level
a - Necrotise             Necr           100%       1d9       3%          1
b - Blink                 Tloc           8%         N/A       26%         2
c - Passwall              Tmut/Erth      13%        N/A       16%         2
s - Stone Arrow           Conj/Erth      54%        3d10      17%         3
z - Sandblast             Erth           52%        2d12      6%          1

Your spell library contained the following spells:

 Spells                   Type           Power      Damage    Failure   Level
 Shock                    Conj/Air       44%        1d5       10%         1
 Vampiric Draining        Necr           27%        2d7       9%          3
 Animate Dead             Necr           27%        N/A       28%         4
 Lesser Beckoning         Tloc           4%         N/A       45%         3
 Swiftness                Air            4%         N/A       45%         3
 Agony                    Necr           27%        N/A       63%         5
 Animate Armour           Summ/Erth      32%        N/A       71%         4
 Airstrike                Air            2%         0-2+      86%         4
 Manifold Assault         Tloc           4%         N/A       99%         5
 Lehudib's Crystal Spear  Conj/Erth      13%        10d5      100%        8


Dungeon Overview and Level Annotations

Branches:
Dungeon (4/15)
 Temple: D:4-7

Altars:
Cheibriados
Gozag
Makhleb


Innate Abilities, Weirdness & Mutations

You regenerate a little health from kills.
You sometimes gain a little power by taking damage.
Your touch may inflict irresistible damage on your foes.


Message History

Unknown command.
Unknown command.
Okay, then.
Okay, then.
The flow of time bends around you.
Casting: Blink (dangerous; 26% risk of failure)
Confirm with . or Enter, or press ? or * to list all spells.
Aiming: Sandblast (safe; 6% risk of failure)
Press: ? - help, Shift-Dir - straight line, f/p - black bear
Aim: a black bear (moderately wounded, 86% to hit)
You feel a surge of power!
The blast of sand hits the black bear!
The black bear is severely wounded.
The black bear goes berserk!
The black bear bites you. The black bear barely misses you.
The black bear claws you but does no damage.
The iguana bites you.
Casting: Sandblast (safe; 6% risk of failure)
Confirm with . or Enter, or press ? or * to list all spells.
Aiming: Necrotise (safe; 3% risk of failure)
Press: ? - help, Shift-Dir - straight line, f/p - black bear
Aim: a black bear (severely wounded, berserk, chance to affect: 83%)
The black bear writhes in agony.
The black bear bites you but does no damage.
The black bear claws you. The black bear barely misses you.
The iguana bites you.
Casting: Necrotise (safe; 3% risk of failure)
Confirm with . or Enter, or press ? or * to list all spells.
Aiming: Necrotise (safe; 3% risk of failure)
Press: ? - help, Shift-Dir - straight line, f/p - black bear
Aim: a black bear (almost dead, berserk, chance to affect: 83%)
The black bear writhes in agony.
You feel stable enough to blink again. The black bear bites you!
* * * LOW HITPOINT WARNING * * *
The black bear claws you.
* * * LOW HITPOINT WARNING * * *
The black bear closely misses you.
The iguana bites you but does no damage.
The black bear bites you.
You die...

..# ' ..# ..#..
###############'#..
#................#
#................#
#................#
#................#
...########..?.l.#
..># +....h@# ...#
#....!.# ...#
#......# ...#
#.......# ...#
#....!..# ...+
#.......# ...#
+.......# ...#
#.......# .#
.........


You could see a black bear (berserk) and an iguana.

Vanquished Creatures
  A phantom (D:4)
  A necrophage (D:4)
  Natasha (twice) (D:2)
  Robin (D:2)
  5 adders
  2 ufetubi (D:4)
  A worm (D:2)
  3 dart slugs
  2 orcs
  7 endoplasms
  A giant cockroach (D:3)
  18 goblins
  5 hobgoblins
  6 jackals
  4 kobolds
  3 quokkas
  5 ball pythons
  2 bats
  4 frilled lizards
  6 rats
79 creatures vanquished.

Vanquished Creatures (collateral kills)
  An endoplasm (D:2)
  A goblin (D:3)
  2 rats
4 creatures vanquished.

Grand Total: 83 creatures vanquished

Notes
Turn   | Place    | Note
-------+----------+-------------------------------------------
     0 | D:1      | Turgor the Demonspawn Necromancer began the quest for the
                  | Orb.
     0 | D:1      | Reached XP level 1. HP: 13/13 MP: 3/3
    27 | D:1      | Found a faded altar of an unknown god.
    36 | D:1      | Prayed at the altar of an unknown god.
    36 | D:1      | Became a worshipper of Cheibriados the Contemplative
    36 | D:1      | Reached * piety under Cheibriados
   302 | D:1      | Gained mutation: Your touch may inflict minor irresistible
                  | damage on your foes. [demonic ancestry]
   302 | D:1      | Reached XP level 2. HP: 20/20 MP: 0/5
   691 | D:1      | Reached skill level 1 in Fighting
   814 | D:2      | Reached ** piety under Cheibriados
   815 | D:2      | Gained mutation: You sometimes gain a little power by
                  | taking damage. [demonic ancestry]
   815 | D:2      | Reached XP level 3. HP: 23/26 MP: 1/7
   824 | D:2      | Learned a level 3 spell: Stone Arrow
  1113 | D:2      | Noticed Natasha
  1116 | D:2      | Killed Natasha
  1117 | D:2      | Reached skill level 1 in Conjurations
  1117 | D:2      | Reached skill level 1 in Earth Magic
  1117 | D:2      | Reached XP level 4. HP: 32/32 MP: 4/8
  1776 | D:2      | Noticed Natasha
  1786 | D:2      | Killed Natasha
  1868 | D:2      | Noticed Robin
  1886 | D:2      | Reached *** piety under Cheibriados
  1890 | D:2      | Gained mutation: Your touch may inflict irresistible damage
                  | on your foes. [demonic ancestry]
  1890 | D:2      | Reached XP level 5. HP: 15/38 MP: 1/9
  1908 | D:2      | Killed Robin
  2888 | D:3      | Learned a level 1 spell: Sandblast
  3216 | D:4      | Learned a level 2 spell: Blink
  3219 | D:4      | Learned a level 2 spell: Passwall
  3385 | D:4      | Gained mutation: You regenerate a little health from kills.
                  | [demonic ancestry]
  3385 | D:4      | Reached XP level 6. HP: 45/45 MP: 8/10
  3468 | D:4      | Reached skill level 1 in Invocations
  3550 | D:4      | Found an opulent altar of Gozag.
  3551 | D:4      | Found a burning altar of Makhleb.
  3623 | D:4      | Reached skill level 1 in Armour
  3631 | D:4      | Slain by a black bear

Illustrated notes

Levels and vault maps discovered:
D:1:      psy_arrival_fountain, layout_rooms, ebering_ecumenical_altar_petrified
D:2:      layout_loops_corners, uniq_natasha, uniq_robin
D:3:      layout_loops_ring, supply_closet_lemuel, minmay_pentangle
D:4:      layout_gridville, nicolae_overflow_squiral

Skill      XL: |  1  2  3  4  5  6 |
---------------+-------------------+-----
Stealth        | 2 |  2.0
Dodging        | 2 |  2.0
Fighting       | 1 2 |  2.4
Conjurations   | 1 2 |  2.9
Earth Magic    | 1 2 |  2.5
Spellcasting   | 3 |  3.3
Invocations    | 1 |  1.2
Armour         | 1 |  1.0
Necromancy     | |  4.3

Action                   |  1- 3 |  4- 6 || total
-------------------------+-------+-------++-------
Melee: Unarmed           |     3 |       ||     3
       Dagger            |    13 |    13 ||    26
       Touch             |     2 |     2 ||     4
       Short sword       |     1 |       ||     1
       Punch             |     1 |       ||     1
       Staff             |       |     1 ||     1
Throw: Stone             |     1 |     5 ||     6
       Javelin           |       |     5 ||     5
       Throwing net      |       |     2 ||     2
 Cast: Necrotise         |    45 |    78 ||   123
       Sandblast         |       |    19 ||    19
       Blink             |       |     1 ||     1
Invok: Bend Time         |       |     1 ||     1
 Stab: Sleeping          |       |     2 ||     2
Armor: Robe              |     2 |     4 ||     6
       Ring mail         |       |    11 ||    11
Dodge: Dodged            |    12 |    26 ||    38

Table legend: (Time is in decaauts)
 A = Elapsed time spent in this place.
 B = Non-inter-level travel time spent in this place.
 C = Inter-level travel time spent in this place.
 D = Time resting spent in this place.
 E = Time spent auto-exploring this place.
 F = Levels seen in this place.
 G = Mean time per level.
                   A        B        C        D        E       F      G
               +--------+--------+--------+--------+--------+-----+--------+
         Total |   4849 |   4747 |    102 |    103 |   3669 |   4 | 1212.2 |
       Dungeon |   4849 |   4747 |    102 |    103 |   3669 |   4 | 1212.2 |
               +--------+--------+--------+--------+--------+-----+--------+

Top non-repeatable levels by time:
     D:2: 1879 daAuts
     D:3: 1424 daAuts
     D:1: 939 daAuts
     D:4: 606 daAuts
